AoeStats
← Low_Fuchs

Arabian Desert

509542822Analyzed
1v1 RM · 4d ago on Sep 27, 2026· 51m 47s· 2 players
Game mode
Random Map
Map size
Tiny (2 player)
Population
200
Speed
Normal
Resources
Standard
Victory
Conquest
Starting age
Dark Age
Ending age
Imperial Age
RankedLock teamsTeams togetherTeam positionsShared explorationLock speedFull tech treeHidden civsTurbo modeCheats
Victory
Defeat
🇩🇪 Gurjaras · Germany
1584
+12
🇦🇷 Huns · Argentina
1494
-12
The beast
9:36 Feudal Age
7:53 Loom
10:29 Double-Bit Axe
17:19 Fletching
24:14 Castle Age
23:03 Padded Archer Armor
24:38 Scale Mail Armor
24:49 Forging
24:54 Bodkin Arrow
27:03 Bow Saw
26:27 Pikeman
29:30 Horse Collar
30:15 Husbandry
30:40 Bloodlines
33:15 Ballistics
33:32 Leather Archer Armor
36:50 Wheelbarrow
36:40 Gold Mining
38:18 Thumb Ring
38:43 Stone Mining
39:13 Hand Cart
40:23 Heavy Plow
46:25 Imperial Age
47:14 Bracer
51:39 Heavy Cavalry Archer
Low_Fuchs
3:18 Loom
10:15 Feudal Age
10:48 Double-Bit Axe
10:44 Horse Collar
18:12 Wheelbarrow
22:44 Castle Age
26:18 Bow Saw
26:08 Heavy Plow
26:37 Bloodlines
26:27 Husbandry
26:52 Hand Cart
28:52 Scale Barding Armor
33:52 Forging
34:52 Chain Barding Armor
35:54 Fletching
43:32 Iron Casting
47:06 Imperial Age
45:30 Gold Mining
45:32 Stone Mining
45:39 Bodkin Arrow
46:30 Ballistics
47:09 Elite Shrivamsha Rider
48:37 Plate Barding Armor
48:40 Conscription
49:56 Masonry
52:06 Bracer
Connection lost

Rejoining the realm…

Still unreachable

The connection could not be restored.

Session expired

The server has moved on; the page needs a fresh start.